 Dungeon Sprint DCSS version 0.31-a0-983-g7b6862f502 (webtiles) character file.

Game seed: 5265828447474549164

25 rocky1 the Poker (level 2, -7/26 HPs)
             Began as a Minotaur Gladiator on Nov 3, 2023.
             Mangled by a water elemental (19 damage)
             ... in the Dungeon (Sprint III: "The Ten Rune Challenge").
             The game lasted 00:00:52 (176 turns).

rocky1 the Poker (Minotaur Gladiator)                Turns: 176, Time: 00:00:54

Health: -7/26      AC:  3    Str: 22    XL:     2   Next: 86%
Magic:  1/1        EV: 12    Int:  4    God:
Gold:   32         SH:  0    Dex: 10    Spells: 1/1 levels left

rFire   . . .        a - +0 trident
rCold   . . .        (no shield)
rNeg    . . .        b - +0 leather armour
rPois   +            c - +0 hat
rElec   .            (no cloak)
rCorr   .            (no gloves)
SInv    .            (no boots)
Will    .....        (no amulet)
Stlth   +            (no ring)
HPRegen 0.24/turn    (no ring)
MPRegen 0.07/turn

%: no teleportation
@: no status effects
A: horns 2, retaliatory headbutt, poison resistance, strong 1, MP-powered wands
a: no special abilities


You were in the Dungeon.
You visited 1 branch You collected 32 gold pieces.

Inventory:

Hand Weapons
 a - a +0 trident (weapon)
Missiles
 d - 3 throwing nets (quivered)
 e - a javelin
Armour
 b - a +0 leather armour (worn)
 c - a +0 hat (worn)
Scrolls
 k - a scroll of blinking
 m - 2 scrolls of immolation {unknown}
 n - 4 scrolls of identify
Potions
 f - 2 potions of curing
 h - a potion of haste
 i - 2 potions of magic
 j - a potion of berserk rage
 l - 5 potions of mutation
 o - 2 potions of enlightenment


   Skills:
 + Level 3.0 Fighting
 * Level 6.5 Polearms
 + Level 2.4 Throwing
 + Level 4.6 Dodging


You had one spell level left.
You didn't know any spells.
Your spell library was empty.

Dungeon Overview and Level Annotations

Branches:
Dungeon (1/1)

Altars:


Innate Abilities, Weirdness & Mutations

You have a pair of horns on your head.
You reflexively headbutt those who attack you in melee.
Your system is resistant to poisons. (rPois)
Your muscles are strong. (Str +4, Int/Dex -1)
You expend magic power (3 MP) to strengthen your wands.


Message History

You enter the shallow water.
Moving in this stuff is going to be slow.
Why would you want to do that? Why would you want to do that?
Why would you want to do that? Why would you want to do that?
You feel extremely strange.
You feel stronger.
You feel your magical essence link to the dungeon's wands.
You feel resistant to poisons.
Okay, then.
You open the door.
A water elemental comes into view.
You reach to attack!
You hit the water elemental but do no damage.
You puncture the water elemental!
The water elemental is moderately damaged.
The water elemental hits you!
Ouch! That really hurt!
The water elemental engulfs you in water!
You slip free of the water engulfing you.
You gasp with relief as air once again reaches your lungs.
You feel much better. The water elemental closely misses you.
You puncture the water elemental!
The water elemental is severely damaged.
The water elemental misses you.
You closely miss the water elemental.
The water elemental is severely damaged.
The water elemental hits you!
Ouch! That really hurt!
You hit the water elemental but do no damage.
The water elemental is severely damaged.
The water elemental hits you.
You hit the water elemental but do no damage.
Your headbutt misses the water elemental.
Your punch misses the water elemental.
The water elemental is severely damaged.
The water elemental hits you!!
Ouch! That really hurt!
You die...

▓▓▓▓▓▓▓▓▓▓▓▓ ▓▓▓
▓<.#..'....♣ ♣.#
▓..#..#....♣♣♣ ♣♣.#
▓#'####......♣ ♣..#
▓.....#....~.♣♣♣..# #+#+#
▓.....#...~~♣♣..♣.#......
▓....)#..~~~~♣.♣..'.⌠....
▓####'#..~≈≈~~~.@E#...###
▓....†#.~~≈~~~....# ⌠.#
▓.....#.~≈~~~.....# .#
▓.....#.~~~.......# #
▓'#####...........#
▓.................#
▓▓▓▓▓▓▓▓▓▓▓▓▓▓▓▓▓▓▓


You could see a water elemental.

Vanquished Creatures
  A human (D)
  A phantom (D)
  4 rats (D)
6 creatures vanquished.

Notes
Turn   | Place    | Note
-------+----------+-------------------------------------------
     0 | D        | rocky1 the Minotaur Gladiator began the quest for the Orb.
     0 | D        | Reached XP level 1. HP: 18/18 MP: 0/0
     5 | D        | Reached skill level 4 in Polearms
    40 | D        | Reached skill level 5 in Polearms
    59 | D        | Reached skill level 6 in Polearms
    59 | D        | Reached XP level 2. HP: 12/26 MP: 1/1
   154 | D        | Gained mutation: Your muscles are strong. (Str +4, Int/Dex
                  | -1) [potion of mutation]
   154 | D        | Gained mutation: You expend magic power (3 MP) to
                  | strengthen your wands. [potion of mutation]
   154 | D        | Gained mutation: Your system is resistant to poisons.
                  | (rPois) [potion of mutation]
   168 | D        | Noticed a water elemental
   176 | D        | Mangled by a water elemental

Illustrated notes

Levels and vault maps discovered:
D:        dungeon_sprint_mu [sprint_mu_entry_forest, sprint_mu_temple_rooms,
          sprint_mu_d1_spiders, sprint_mu_d2_genie, sprint_mu_d3_branching,
          sprint_mu_orc_legion, sprint_mu_elf_gauntlet, sprint_mu_hive_nellie,
          sprint_mu_lair_fedhas, sprint_mu_vaults_butterflies,
          sprint_mu_slime_circle, sprint_mu_swamp_cave, sprint_mu_snake_twists,
          sprint_mu_blade_basic, sprint_mu_crypt_lich, sprint_mu_tomb_spiral,
          sprint_mu_vestibule_basic, sprint_mu_gehenna_hellfire,
          sprint_mu_dis_giant, sprint_mu_tartarus_statrot,
          sprint_mu_cocytus_islands, sprint_mu_zot1]

Skill      XL: |  1 |
---------------+----+-----
Polearms       | 6 |  6.5
Dodging        | 4 |  4.6
Fighting       | 3 |  3.0
Throwing       | |  2.4

Action                     || total
---------------------------++-------
  Melee: Trident           ||    22
         Headbutt          ||     2
    Use: Potion            ||     2
 Armour: Leather armour    ||     9
  Dodge: Dodged            ||     8

Table legend: (Time is in decaauts)
 A = Elapsed time spent in this place.
 B = Non-inter-level travel time spent in this place.
 C = Inter-level travel time spent in this place.
 D = Time resting spent in this place.
 E = Time spent auto-exploring this place.
 F = Levels seen in this place.
 G = Mean time per level.
                   A        B        C        D        E       F      G
               +--------+--------+--------+--------+--------+-----+--------+
         Total |    180 |    180 |      0 |     53 |      0 |   1 |  180.0 |
       Dungeon |    180 |    180 |      0 |     53 |      0 |   1 |  180.0 |
               +--------+--------+--------+--------+--------+-----+--------+

Top non-repeatable levels by time:
       D: 180 daAuts
